NWL
ATLANTA (SS-A) BRAVES @ LOS ANGELES N (SS-A) DODGERS
09/09/2099
 
TOP OF THE 1ST
Atlanta (SS-A) Braves batting - Pitching for Los Angeles N (SS-A) Dodgers : LHP Danny Montoya
Pitching: LHP Danny Montoya
Batting: RHB C.J. Sprecher 0-0: Called Strike
0-1: Fly out, F4 (Line Drive, 4M, EV 98.8 MPH)
Batting: LHB Agustin Arroyo 0-0: Called Strike
0-1: Ball
1-1: Swinging Strike
1-2: Strikes out swinging
Batting: RHB Jonathon Sealey 0-0: Foul Ball, location: 9LMF
0-1: Ground out U3 (Groundball, 3, EV 101.3 MPH)
Top of the 1st over - 0 runs, 0 hits, 0 errors, 0 left on base; Atlanta (SS-A) 0 - Los Angeles N (SS-A) 0
BOTTOM OF THE 1ST
Los Angeles N (SS-A) Dodgers batting - Pitching for Atlanta (SS-A) Braves : LHP Landon Jones
Pitching: LHP Landon Jones
Batting: LHB Danny Lujan 0-0: Foul Ball, location: 7LDF
0-1: Ball
1-1: Called Strike
1-2: Foul Ball, location: 5FF
1-2: TRIPLE (Flyball, 89XD, EV 92.5 MPH)
Batting: RHB Adam Averett 0-0: SINGLE (Groundball, 6MD, EV 106.3 MPH)
Danny Lujan scores
Batting: RHB Devin Gleason 0-0: Foul Ball, location: 7LMF
0-1: Ball
1-1: Foul Ball, location: 2F
1-2: SINGLE (Line Drive, 9S, EV 100.6 MPH)
Adam Averett to second
Batting: RHB Josh Woodruff 0-0: Called Strike
0-1: Called Strike
0-2: Ball
1-2: Ball
2-2: Strikes out swinging
Batting: RHB Nate Gillis 0-0: Ball
1-0: Foul Ball, location: 2F
1-1: Swinging Strike
1-2: Grounds into double play, 4-6-3 (Groundball, 4, EV 91.9 MPH)
Bottom of the 1st over - 1 run, 3 hits, 0 errors, 1 left on base; Atlanta (SS-A) 0 - Los Angeles N (SS-A) 1
TOP OF THE 2ND
Atlanta (SS-A) Braves batting - Pitching for Los Angeles N (SS-A) Dodgers : LHP Danny Montoya
Batting: LHB William Roberts 0-0: Swinging Strike
0-1: Ground out 4-3 (Groundball, 4, EV 81.9 MPH)
Batting: RHB Callum King 0-0: Called Strike
0-1: Ball
1-1: Ball
2-1: Swinging Strike
2-2: Strikes out swinging
Batting: RHB Dave Dopke 0-0: Ball
1-0: Ball
2-0: SINGLE (Line Drive, 3D, EV 98.1 MPH)
Batting: SHB Alex Cabrera 0-0: Foul Ball, location: 7LMF
0-1: SINGLE (Line Drive, 34D, EV 109.4 MPH)
Dave Dopke to second
Batting: RHB Ignacio Arreola 0-0: Ball
1-0: Fly out, F9 (Flyball, 9S, EV 86.3 MPH)
Top of the 2nd over - 0 runs, 2 hits, 0 errors, 2 left on base; Atlanta (SS-A) 0 - Los Angeles N (SS-A) 1
BOTTOM OF THE 2ND
Los Angeles N (SS-A) Dodgers batting - Pitching for Atlanta (SS-A) Braves : LHP Landon Jones
Batting: RHB Ivan Morales 0-0: Foul Ball, location: 7LSF
0-1: Ball
1-1: Ball
2-1: Ball
3-1: Ground out 6-3 (Groundball, 6, EV 81.3 MPH)
Batting: RHB Steven Thomas 0-0: Ball
1-0: Ball
2-0: Ball
3-0: Called Strike
3-1: Fly out, F8 (Flyball, 89M, EV 88.1 MPH)
Batting: RHB Jesse Reed 0-0: Ball
1-0: Swinging Strike
1-1: Called Strike
1-2: Strikes out swinging
Bottom of the 2nd over - 0 runs, 0 hits, 0 errors, 0 left on base; Atlanta (SS-A) 0 - Los Angeles N (SS-A) 1
TOP OF THE 3RD
Atlanta (SS-A) Braves batting - Pitching for Los Angeles N (SS-A) Dodgers : LHP Danny Montoya
Batting: RHB Jose Rivera 0-0: Foul Ball, location: 2F
0-1: Swinging Strike
0-2: Strikes out swinging
Batting: RHB C.J. Sprecher 0-0: Ball
1-0: SINGLE (Flyball, 5D, EV 85.6 MPH)
Batting: LHB Agustin Arroyo 0-0: Ball
1-0: Grounds into double play, 4-6-3 (Groundball, 4, EV 85.6 MPH)
Top of the 3rd over - 0 runs, 1 hit, 0 errors, 0 left on base; Atlanta (SS-A) 0 - Los Angeles N (SS-A) 1
BOTTOM OF THE 3RD
Los Angeles N (SS-A) Dodgers batting - Pitching for Atlanta (SS-A) Braves : LHP Landon Jones
Batting: RHB Rich Ede 0-0: Ball
1-0: SOLO HOME RUN (Flyball, 89XD, EV 102.5 MPH), Distance : 422 ft
Batting: LHB Danny Lujan 0-0: Called Strike
0-1: Foul Ball, location: 7LDF
0-2: Ball
1-2: SINGLE (Flyball, 4D, EV 92.5 MPH)
Batting: RHB Adam Averett 0-0: Ball
1-0: Called Strike
1-1: Bunted foul
1-2: Ball
2-2: Fly out, F9 (Flyball, 9LM, EV 89.4 MPH)
Batting: RHB Devin Gleason 0-0: Called Strike
0-1: Ball
Danny Lujan steals 2nd base
1-1: Swinging Strike
1-2: SINGLE (Groundball, 5D, EV 104.4 MPH)
Danny Lujan to third
Runner from 3rd tries for Home, SAFE, throw by LF to home
Batting: RHB Josh Woodruff 0-0: Called Strike
0-1: Called Strike
0-2: Ball
1-2: Strikes out swinging
Batting: RHB Nate Gillis 0-0: Swinging Strike
0-1: Foul Ball, location: 3F
0-2: Foul Ball, location: 2F
0-2: Foul Ball, location: 2F
0-2: Fly out, F9 (Flyball, 89M, EV 93.8 MPH)
Bottom of the 3rd over - 2 runs, 3 hits, 0 errors, 1 left on base; Atlanta (SS-A) 0 - Los Angeles N (SS-A) 3
TOP OF THE 4TH
Atlanta (SS-A) Braves batting - Pitching for Los Angeles N (SS-A) Dodgers : LHP Danny Montoya
Batting: RHB Jonathon Sealey 0-0: Called Strike
0-1: Ball
1-1: Ball
2-1: Swinging Strike
2-2: Hit by Pitch
Batting: LHB William Roberts 0-0: Foul Ball, location: 5DF
0-1: Called Strike
0-2: Strikes out looking
Batting: RHB Callum King 0-0: Called Strike
0-1: Ball
Pickoff Throw to First - Error! E1
Jonathon Sealey to second
1-1: Fly out, F9 (Line Drive, 9, EV 100.0 MPH)
Batting: RHB Dave Dopke 0-0: Ball
1-0: Ball
2-0: SINGLE (Line Drive, 8LS, EV 84.4 MPH)
Jonathon Sealey to third
Runner from 3rd tries for Home, SAFE, throw by CF to home
Batting: SHB Alex Cabrera 0-0: Fielders Choice at 2nd, 6-4 (Groundball, 6, EV 100.6 MPH)
Top of the 4th over - 1 run, 1 hit, 1 error, 1 left on base; Atlanta (SS-A) 1 - Los Angeles N (SS-A) 3
BOTTOM OF THE 4TH
Los Angeles N (SS-A) Dodgers batting - Pitching for Atlanta (SS-A) Braves : LHP Landon Jones
Batting: RHB Ivan Morales 0-0: Ball
1-0: Called Strike
1-1: Ground out 6-3 (Groundball, 6MS, EV 87.5 MPH)
Batting: RHB Steven Thomas 0-0: Ball
1-0: Called Strike
1-1: Ground out 5-3 (Groundball, 56, EV 83.8 MPH)
Batting: RHB Jesse Reed 0-0: Ball
1-0: Ball
2-0: Called Strike
2-1: Swinging Strike
2-2: Ball
3-2: Strikes out looking
Bottom of the 4th over - 0 runs, 0 hits, 0 errors, 0 left on base; Atlanta (SS-A) 1 - Los Angeles N (SS-A) 3
TOP OF THE 5TH
Atlanta (SS-A) Braves batting - Pitching for Los Angeles N (SS-A) Dodgers : LHP Danny Montoya
Batting: RHB Ignacio Arreola 0-0: Ball
1-0: Swinging Strike
1-1: Swinging Strike
1-2: Strikes out swinging
Batting: RHB Jose Rivera 0-0: Ball
1-0: Fly out, F9 (Line Drive, 89M, EV 96.9 MPH)
Batting: RHB C.J. Sprecher 0-0: Ball
1-0: Ball
2-0: Fly out, F9 (Line Drive, 89M, EV 106.9 MPH)
Top of the 5th over - 0 runs, 0 hits, 0 errors, 0 left on base; Atlanta (SS-A) 1 - Los Angeles N (SS-A) 3
BOTTOM OF THE 5TH
Los Angeles N (SS-A) Dodgers batting - Pitching for Atlanta (SS-A) Braves : LHP Landon Jones
Batting: RHB Rich Ede 0-0: Foul Ball, location: 3F
0-1: Ball
1-1: Called Strike
1-2: Ball
2-2: SINGLE (Line Drive, 7S, EV 105.6 MPH)
Batting: LHB Danny Lujan 0-0: Fly out, F8 (Flyball, 8LD, EV 92.5 MPH)
Batting: RHB Adam Averett 0-0: Ball
1-0: Swinging Strike
1-1: Swinging Strike
1-2: SINGLE (Line Drive, 8LS, EV 99.4 MPH)
Rich Ede to second
Batting: RHB Devin Gleason 0-0: Ball
1-0: Foul Ball, location: 2F
1-1: TRIPLE (Flyball, 78XD, EV 90.0 MPH)
Rich Ede scores
Adam Averett scores
Pitching: RHP Danny Lalama
Batting: RHB Josh Woodruff 0-0: Foul Ball, location: 23F
0-1: Ball
1-1: Foul Ball, location: 3SF
1-2: SINGLE (Line Drive, 6MD, EV 103.8 MPH)
Devin Gleason scores
Batting: RHB Nate Gillis 0-0: Called Strike
0-1: Fly out, F4 (Popup, 34, EV 76.9 MPH)
Batting: RHB Ivan Morales 0-0: Ball
1-0: Foul Ball, location: 5F
1-1: Ball
2-1: Ball
3-1: Base on Balls
Josh Woodruff to second
Batting: RHB Steven Thomas 0-0: Ball
1-0: Called Strike
1-1: Ball
2-1: Foul Ball, location: 9LSF
2-2: Strikes out looking
Bottom of the 5th over - 3 runs, 4 hits, 0 errors, 2 left on base; Atlanta (SS-A) 1 - Los Angeles N (SS-A) 6
TOP OF THE 6TH
Atlanta (SS-A) Braves batting - Pitching for Los Angeles N (SS-A) Dodgers : LHP Danny Montoya
Batting: LHB Agustin Arroyo 0-0: Called Strike
0-1: Swinging Strike
0-2: SINGLE (Line Drive, 8LS, EV 110.0 MPH)
Batting: RHB Jonathon Sealey 0-0: Ball
1-0: Grounds into double play, 6-4-3 (Groundball, 6, EV 88.1 MPH)
Batting: LHB William Roberts 0-0: SOLO HOME RUN (Flyball, 9D, EV 100.0 MPH), Distance : 382 ft
Batting: RHB Callum King 0-0: Ball
1-0: Fly out, F7 (Flyball, 7D, EV 81.3 MPH)
Top of the 6th over - 1 run, 2 hits, 0 errors, 0 left on base; Atlanta (SS-A) 2 - Los Angeles N (SS-A) 6
BOTTOM OF THE 6TH
Los Angeles N (SS-A) Dodgers batting - Pitching for Atlanta (SS-A) Braves : RHP Danny Lalama
Batting: RHB Jesse Reed 0-0: Ball
1-0: Ball
2-0: SINGLE (Groundball, 6MD, EV 99.4 MPH)
Batting: RHB Rich Ede 0-0: Foul Ball, location: 2F
0-1: Foul Ball, location: 3F
0-2: Ball
1-2: Ball
2-2: Ball
3-2: Foul Ball, location: 9LMF
3-2: Foul Ball, location: 2F
3-2: Foul Ball, location: 9LMF
3-2: Base on Balls
Jesse Reed to second
Batting: LHB Danny Lujan 0-0: Ball
1-0: Called Strike
1-1: Fielders Choice at 2nd, 4-6 (Groundball, 4, EV 86.3 MPH)
Jesse Reed to third
Batting: RHB Adam Averett 0-0: Ball
1-0: Ball
Danny Lujan steals 2nd base
2-0: Called Strike
2-1: Fly out, F8 (Flyball, 8RM, EV 98.1 MPH)
Runner from 3rd tags up, SCORES, throw by CF
Batting: RHB Devin Gleason 0-0: Ball
1-0: Ball
2-0: Ball
3-0: Swinging Strike
3-1: Foul Ball, location: 9LMF
3-2: Strikes out swinging
Bottom of the 6th over - 1 run, 1 hit, 0 errors, 1 left on base; Atlanta (SS-A) 2 - Los Angeles N (SS-A) 7
TOP OF THE 7TH
Atlanta (SS-A) Braves batting - Pitching for Los Angeles N (SS-A) Dodgers : LHP Danny Montoya
Batting: RHB Dave Dopke 0-0: Called Strike
0-1: Called Strike
0-2: Ball
1-2: Hit by Pitch
Pinch Runner at 1st Rafaël Lebreton:
Batting: SHB Alex Cabrera 0-0: Called Strike
0-1: Ball
1-1: Ball
2-1: Ball
3-1: Foul Ball, location: 2F
3-2: Ground out 6-3 (Groundball, 6S, EV 89.4 MPH)
Rafaël Lebreton to second
Batting: RHB Ignacio Arreola 0-0: Ball
1-0: Called Strike
1-1: Ground out 5-3 (Groundball, 56S, EV 65.0 MPH)
Rafaël Lebreton to third
Batting: RHB Jose Rivera 0-0: Called Strike
0-1: Ball
1-1: Called Strike
1-2: Foul Ball, location: 2F
1-2: Ball
2-2: Ball
3-2: Foul Ball, location: 2F
3-2: Foul Ball, location: 9LDF
3-2: Strikes out swinging
Top of the 7th over - 0 runs, 0 hits, 0 errors, 1 left on base; Atlanta (SS-A) 2 - Los Angeles N (SS-A) 7
BOTTOM OF THE 7TH
Los Angeles N (SS-A) Dodgers batting - Pitching for Atlanta (SS-A) Braves : RHP Danny Lalama
Batting: RHB Josh Woodruff 0-0: Ball
1-0: Ball
2-0: Ball
3-0: Swinging Strike
3-1: Base on Balls
Pitching: RHP Pascal Scholtens
Batting: RHB Nate Gillis 0-0: Called Strike
0-1: Foul Ball, location: 23FF
0-2: Strikes out swinging
Batting: RHB Ivan Morales 0-0: Called Strike
0-1: Foul Ball, location: 2F
0-2: Ball
1-2: Ball
2-2: Strikes out swinging
Batting: RHB Steven Thomas 0-0: Ball
1-0: Foul Ball, location: 9LSF
1-1: Ball
2-1: Ball
3-1: Base on Balls
Josh Woodruff to second
Batting: RHB Jesse Reed 0-0: Fielders Choice at 2nd, 6-4 (Groundball, 6, EV 90.6 MPH)
Bottom of the 7th over - 0 runs, 0 hits, 0 errors, 2 left on base; Atlanta (SS-A) 2 - Los Angeles N (SS-A) 7
TOP OF THE 8TH
Atlanta (SS-A) Braves batting - Pitching for Los Angeles N (SS-A) Dodgers : LHP Danny Montoya
Batting: RHB C.J. Sprecher 0-0: Ball
1-0: Ball
2-0: Ground out 5-3 (Groundball, 56, EV 85.0 MPH)
Pitching: RHP Sam Jensen
Batting: LHB Agustin Arroyo 0-0: Ball
1-0: Ball
2-0: Called Strike
2-1: Called Strike
2-2: Foul Ball, location: 23FF
2-2: Strikes out looking
Batting: RHB Jonathon Sealey 0-0: Ball
1-0: Ball
2-0: Swinging Strike
2-1: Ball
3-1: Base on Balls
Batting: LHB William Roberts 0-0: Foul Ball, location: 2F
0-1: Foul Ball, location: 3FF
0-2: Ball
1-2: Ball
2-2: Fly out, F9 (Flyball, 89D, EV 86.3 MPH)
Top of the 8th over - 0 runs, 0 hits, 0 errors, 1 left on base; Atlanta (SS-A) 2 - Los Angeles N (SS-A) 7
BOTTOM OF THE 8TH
Los Angeles N (SS-A) Dodgers batting - Pitching for Atlanta (SS-A) Braves : RHP Pascal Scholtens
Batting: RHB Rich Ede 0-0: Called Strike
0-1: Ball
1-1: Swinging Strike
1-2: Strikes out swinging
Batting: LHB Danny Lujan 0-0: Called Strike
0-1: Ball
1-1: Ball
2-1: DOUBLE (Line Drive, 78M, EV 107.5 MPH)
Batting: RHB Adam Averett 0-0: Ball
1-0: Ball
2-0: Ball
3-0: Called Strike
3-1: Base on Balls
Batting: RHB Devin Gleason 0-0: Called Strike
0-1: Ball
1-1: Called Strike
1-2: Foul Ball, location: 7LMFF
1-2: Ball
2-2: Fly out, F8 (Line Drive, 8LD, EV 94.4 MPH)
Batting: RHB Josh Woodruff 0-0: Ball
1-0: Ball
2-0: Ball
3-0: Base on Balls
Danny Lujan to third
Adam Averett to second
Batting: RHB Nate Gillis 0-0: Called Strike
0-1: Ball
1-1: Foul Ball, location: 7LSF
1-2: Ball
2-2: Foul Ball, location: 5FF
2-2: Ground out U3 (Groundball, 3, EV 86.9 MPH)
Bottom of the 8th over - 0 runs, 1 hit, 0 errors, 3 left on base; Atlanta (SS-A) 2 - Los Angeles N (SS-A) 7
TOP OF THE 9TH
Atlanta (SS-A) Braves batting - Pitching for Los Angeles N (SS-A) Dodgers : RHP Sam Jensen
Batting: RHB Callum King 0-0: SINGLE (Line Drive, 6MD, EV 98.8 MPH)
Batting: RHB Rafaël Lebreton 0-0: Called Strike
0-1: Ball
1-1: Ball
2-1: Foul Ball, location: 2F
2-2: Strikes out swinging
Pinch Hitting: RHB Ron Brito 0-0: Called Strike
0-1: Ball
1-1: Ball
2-1: SINGLE (Line Drive, 89S, EV 100.0 MPH)
Callum King to second
Pinch Hitting: RHB Dan Sullivan 0-0: Called Strike
0-1: Ball
1-1: Called Strike
1-2: Reached on error, E5 (Groundball, 5L, EV 82.5 MPH)
Callum King to third
Ron Brito to second
Pitching: RHP Juan Salazar
Pinch Hitting: LHB Robby Bracamonte 0-0: Ball
1-0: Called Strike
1-1: Called Strike
1-2: Ball
2-2: Ball
3-2: Foul Ball, location: 7LSF
3-2: Strikes out swinging
Batting: RHB C.J. Sprecher 0-0: Ball
1-0: SINGLE (Line Drive, 4MD, EV 101.3 MPH)
Callum King scores
Ron Brito to third
Dan Sullivan to second
Batting: LHB Agustin Arroyo 0-0: Ball
1-0: Called Strike
1-1: Foul Ball, location: 9LSF
1-2: Foul Ball, location: 2F
1-2: Ground out 4-3 (Groundball, 34, EV 98.8 MPH)
Top of the 9th over - 1 run, 3 hits, 1 error, 3 left on base; Atlanta (SS-A) 3 - Los Angeles N (SS-A) 7
Thursday, May 16th , 2024 - OOTP Baseball 24.11 Build 85